 Dungeon Crawl Stone Soup version 0.32-a0-913-g739538afd8 (webtiles) character file.

Game seed: 11147733003121567296

63 tilp the Sneak (level 3, -1/26 HPs)
             Began as a Vampire Enchanter on Apr 9, 2024.
             Slain by a phantom (5 damage)
             ... on level 2 of the Dungeon.
             The game lasted 00:03:12 (2336 turns).

tilp the Sneak (Vampire Enchanter)                  Turns: 2336, Time: 00:03:13

Health: -1/26      AC:  5    Str:  7    XL:     3   Next: 87%
Magic:  0/6        EV: 10    Int: 19    God:
Gold:   115        SH:  0    Dex: 14    Spells: 1/6 levels left

rFire   . . .        a - +1 dagger
rCold   . . .        (no shield)
rNeg    . . .        g - +0 leather armour
rPois   +            f - +2 hat
rElec   .            (no cloak)
rCorr   .            (no gloves)
SInv    +            (no boots)
Will    .....        (no amulet)
Stlth   +++          e - ring of poison resistance
HPRegen 0.44/turn    (no ring)
MPRegen 0.10/turn

%: no passive effects
@: healing quickly
A: alive, fangs 3, see invisible, vampiric 2
a: Exsanguinate


You were on level 2 of the Dungeon.
You visited 1 branch of the dungeon, and saw 3 of its levels.

You collected 115 gold pieces.

Inventory:

Hand Weapons
 a - a +1 dagger (weapon)
Armour
 b - a +0 robe
 f - a +2 hat (worn)
 g - a +0 leather armour (worn)
Magical Staves
 i - a staff of earth
Jewellery
 d - a ring of fire
 e - a ring of poison resistance (left hand)
Potions
 c - 2 potions of invisibility
 h - a potion of curing


   Skills:
 * Level 1.0 Fighting
 + Level 1.4(1.9) Short Blades
 * Level 1.4(1.7) Long Blades
 + Level 0.4 Armour
 + Level 2.4 Dodging
 * Level 5.1 Stealth
 + Level 2.1 Spellcasting
 * Level 4.9 Hexes


You had one spell level left.
You knew the following spells:

 Your Spells              Type           Power      Damage    Failure   Level
a - Ensorcelled Hibernat  Hex/Ice        22%        N/A       13%         2
b - Confusing Touch       Hex            20%        N/A       10%         3

Your spell library contained the following spells:

 Spells                   Type           Power      Damage    Failure   Level
 Tukima's Dance           Hex            20%        N/A       10%         3
 Dazzling Flash           Conj/Hex       22%        N/A       26%         3
 Lesser Beckoning         Tloc           2%         N/A       36%         2
 Maxwell's Portable Pile  Tloc           1%         2d(5-13)  58%         3
 Teleport Other           Tloc           1%         N/A       58%         3


Dungeon Overview and Level Annotations

Branches:
Dungeon (3/15)

Altars:


Innate Abilities, Weirdness & Mutations

Your natural rate of healing is accelerated.
You have razor-sharp teeth.
You have supernaturally acute eyesight. (SInv)
You are afflicted with vampirism and can become a bat while bloodless.


Message History

Press: ? - help, Shift-Dir - straight line, f/p - orc
Aim: an orc, wielding a +0 dagger (chance to affect: 62%)
The orc looks drowsy...
The phantom barely misses you. The orc hits you with a +0 club.
Unknown command.
The helpless orc fails to defend itself.
You impale the orc!!
You kill the orc!
The phantom hits you. The orc barely misses you.
Unknown command.
Casting: Ensorcelled Hibernation (safe; 13% risk of failure)
Confirm with . or Enter, or press ? or * to list all spells.
Aiming: Ensorcelled Hibernation (safe; 13% risk of failure)
Press: ? - help, Shift-Dir - straight line, f - orc
Aim: an orc, wielding a +0 club (chance to affect: 62%)
The orc resists with significant effort.
The phantom hits you.
* * * LOW HITPOINT WARNING * * *
The orc hits you but does no damage.
You hit the orc.
The orc is lightly wounded.
The phantom hits you.
* * * LOW HITPOINT WARNING * * *
The phantom blinks!
You blink.
Unknown command.
You closely miss the phantom.
The phantom is severely damaged.
The phantom hits you but does no damage.
You hit the phantom but do no damage.
The phantom is severely damaged.
The phantom hits you but does no damage.
You miss the phantom. Your bite misses the phantom.
The phantom is severely damaged.
The phantom hits you.
* * * LOW HITPOINT WARNING * * *
The orc barely misses you.
You barely miss the phantom.
The phantom is severely damaged.
The phantom hits you.
You die...

#.........#...#
#..########...# #..# #..)#
#..# #...# #..# #...# ###
#..# #...# #.#
#..########...## #.#
#[......##..W..# #.#
######.#.###.#@### #.#
#........# #.#o#########.#
#........# #.............#
###........#####.###########
..#..............#
#.......[......)>#
###.....####.##### ###.....#
#.# #.......# #.#


You could see a phantom and an orc.

Vanquished Creatures
  2 dart slugs (D:1)
  2 orcs (D:2)
  6 ball pythons
  5 endoplasms (D:1)
  2 giant cockroaches (D:1)
  2 goblins (D:2)
  6 hobgoblins
  2 kobolds
  6 quokkas
  7 bats
  6 frilled lizards
  2 rats (D:1)
48 creatures vanquished.

Notes
Turn   | Place    | Note
-------+----------+-------------------------------------------
     0 | D:1      | tilp the Vampire Enchanter began the quest for the Orb.
     0 | D:1      | Reached XP level 1. HP: 13/13 MP: 3/3
   220 | D:1      | Reached XP level 2. HP: 19/19 MP: 5/5
   229 | D:1      | Learned a level 2 spell: Ensorcelled Hibernation
   562 | D:1      | Reached skill level 1 in Long Blades
   624 | D:1      | Gained mutation: You are afflicted with vampirism and can
                  | become a bat while bloodless. [Vampire growth]
   624 | D:1      | Reached XP level 3. HP: 21/25 MP: 6/6
   628 | D:1      | Learned a level 3 spell: Confusing Touch
   774 | D:1      | Reached skill level 5 in Stealth
  1664 | D:2      | Reached skill level 1 in Fighting
  2320 | D:3      | Noticed a phantom
  2336 | D:2      | Slain by a phantom

Illustrated notes

Levels and vault maps discovered:
D:1:      saegor_arrival_simple_d, layout_loops_ring
D:2:      layout_basic, serial_co_window_serial, co_window_corner_a,
          co_window_cross_1, co_window_of_opportunity_a, co_window_cross_1,
          co_window_of_opportunity_a, co_window_of_opportunity_c,
          co_window_of_opportunity_c, co_window_of_opportunity_b,
          co_window_broadway_a, co_window_unsneaky_path_e, co_window_4corner_a,
          glass_columns_a, glass_columns_c, basic_altar
D:3:      layout_rooms, mainiacjoe_overflow_cross_hatched,
          minmay_goblin_kobold_house, uniq_terence, uniq_grinder,
          uniq_crazy_yiuf_cottage

Skill      XL: |  1  2  3 |
---------------+----------+-----
Long Blades    | 1 |  1.4
Stealth        | 5 |  5.1
Fighting       | 1 |  1.0
Short Blades   | |  1.4
Armour         | |  0.4
Dodging        | |  2.4
Spellcasting   | |  2.1
Hexes          | |  4.9

Action                     || total
---------------------------++-------
  Melee: Dagger            ||   125
         Bite              ||     8
   Cast: Ensorcelled Hiber ||    13
    Use: Scroll            ||     2
   Stab: Sleeping          ||    25
 Armour: Robe              ||    57
         Leather armour    ||    12
  Dodge: Dodged            ||    60

Table legend: (Time is in decaauts)
 A = Elapsed time spent in this place.
 B = Non-inter-level travel time spent in this place.
 C = Inter-level travel time spent in this place.
 D = Time resting spent in this place.
 E = Time spent auto-exploring this place.
 F = Levels seen in this place.
 G = Mean time per level.
                   A        B        C        D        E       F      G
               +--------+--------+--------+--------+--------+-----+--------+
         Total |   2327 |   2098 |    229 |    175 |   1494 |   3 |  775.7 |
       Dungeon |   2327 |   2098 |    229 |    175 |   1494 |   3 |  775.7 |
               +--------+--------+--------+--------+--------+-----+--------+

Top non-repeatable levels by time:
     D:2: 1320 daAuts
     D:1: 982 daAuts
     D:3: 23 daAuts
